 Dungeon Crawl Stone Soup version 0.30-a0-242-g7bf8e6d787 (webtiles) character file.

Game seed: 1079159570819790394

1048 gelatine the Shooter (level 8, 0/60 HPs)
             Began as a Demonspawn Hunter on Oct 11, 2022.
             Was an Initiate of Makhleb.
             Slain by a hornet (11 damage)
             ... on level 7 of the Dungeon.
             The game lasted 00:12:13 (4430 turns).

gelatine the Shooter (Demonspawn Hunter)            Turns: 4430, Time: 00:12:14

Health: 0/60       AC:  5    Str: 13    XL:     8   Next: 5%
Magic:  9/9        EV: 16    Int: 12    God:    Makhleb [......]
Gold:   304        SH:  0    Dex: 18    Spells: 6/9 levels left

rFire   . . .      SeeInvis .    a - +1 shortbow
rCold   . . .      Faith    .    (shield currently unavailable)
rNeg    . . .      Spirit   .    c - +0 leather armour
rPois   .          Reflect  .    (helmet restricted)
rElec   .          Harm     .    (no cloak)
rCorr   .          Rampage  .    w - +0 pair of gloves
Will    .....                    E - +0 pair of boots
Stlth   ++........               o - amulet of regeneration
HPRegen 1.10/turn                m - +4 ring of evasion
MPRegen 0.11/turn                x - +4 ring of slaying

@: mighty, lethally poisoned (0 -> -5), about to teleport, slowed, very slow
A: antennae 1, ignite blood 2, spiny 1, big brain 1
a: Renounce Religion


You were on level 7 of the Dungeon.
You worshipped Makhleb.
Makhleb was noncommittal.
You visited 2 branches of the dungeon, and saw 8 of its levels.

You collected 304 gold pieces.

Inventory:

Hand Weapons
 a - a +1 shortbow (weapon)
 v - a +4 long sword of freezing
Missiles
 f - 2 curare-tipped darts
Armour
 c - a +0 leather armour (worn)
 w - a +0 pair of gloves (worn)
 y - a +0 buckler
 z - a +0 scale mail
 E - a +0 pair of boots (worn)
Jewellery
 m - a +4 ring of evasion (left hand)
 o - an amulet of regeneration (around neck)
 q - a ring of flight
 x - a +4 ring of slaying (right hand)
 B - a ring of positive energy
Wands
 j - a wand of charming (23)
 r - a wand of flame (25)
 D - a wand of mindburst (14)
Scrolls
 b - 4 scrolls of immolation
 g - 4 scrolls of teleportation
 p - a scroll of enchant weapon
 t - a scroll of noise
 F - a scroll of magic mapping {unknown}
Potions
 d - 4 potions of magic
 e - a potion of invisibility {unknown}
 h - a potion of mutation {unknown}
 i - 4 potions of haste
 k - a potion of degeneration {unknown}
 l - a potion of heal wounds
 n - a potion of curing {unknown}
 s - 2 potions of might
 u - a potion of lignification {unknown}
 A - a potion of ambrosia {unknown}
 C - a potion of flight {unknown}
 G - a potion of brilliance {unknown}
 H - a potion of attraction {unknown}
 I - 2 potions of berserk rage {unknown}


   Skills:
 * Level 4.1 Fighting
 + Level 7.3 Ranged Weapons
 + Level 2.1 Armour
 + Level 2.1 Dodging
 + Level 1.0 Stealth
 * Level 1.1 Spellcasting
 * Level 1.6 Hexes
 * Level 1.1 Translocations
 * Level 2.3 Invocations
 * Level 1.5 Evocations


You had 6 spell levels left.
You knew the following spells:

 Your Spells              Type           Power      Damage    Failure   Level
a - Portal Projectile     Hex/Tloc       8%         N/A       54%         3

Your spell library contained the following spells:

 Spells                   Type           Power      Damage    Failure   Level
 Tukima's Dance           Hex            4%         N/A       50%         3
 Dazzling Flash           Conj/Hex       4%         N/A       63%         3
 Frozen Ramparts          Ice            0%         1d1       75%         3
 Iskenderun's Mystic Bla  Conj/Tloc      1%         2d3       97%         4
 Ice Form                 Ice/Tmut       0%         N/A       98%         4
 Summon Ice Beast         Ice/Summ       0%         N/A       98%         4
 Blade Hands              Tmut           0%         N/A       100%        5
 Starburst                Conj/Fire      0%         6d3       100%        6


Dungeon Overview and Level Annotations

Branches:
Dungeon (7/15)             Temple (1/1) D:5

Altars:
Cheibriados
Dithmenos
Fedhas
Hepliaklqana
Kikubaaqudgha
Makhleb
Nemelex Xobeh
Okawaru
Qazlal
Ru
Trog
Uskayaw
Vehumet
Wu Jian
Xom
Yredelemnul


Innate Abilities, Weirdness & Mutations

You have a pair of small antennae on your head.
Your demonic aura often causes spilled blood to erupt in flames.
You are partially covered in sharp spines.
You have an unusually large brain. (Int +2)


Message History

The hornet stings you!
You feel as though you will be slow longer.
You shoot an arrow. The arrow hits the hornet.
The hornet is severely wounded.
You feel sick. The hornet barely misses you.
The hornet is struck by your spines. The hornet stings you!
You feel as though you will be slow longer.
The hornet stings you!
You are more poisoned.
You feel as though you will be slow longer.
You feel very sick. The hornet closely misses you.
You feel very sick. The hornet barely misses you.
It was a potion of heal wounds.
You feel much better.
You feel very sick. The hornet stings you!
You are more poisoned.
You feel as though you will be slow longer.
The hornet closely misses you.
It was a potion of might.
You feel very mighty all of a sudden.
You feel extremely sick. The hornet misses you. The hornet stings you!
* * * LOW HITPOINT WARNING * * *
You are lethally poisoned!
You feel as though you will be slow longer.
The hornet is struck by your spines. The hornet misses you.
You feel much better.
You feel extremely sick. The hornet stings you.
You feel as though you will be slow longer.
The hornet stings you.
* * * LOW HITPOINT WARNING * * *
You feel as though you will be slow longer.
As you read the scroll of teleportation, it crumbles to dust.
You feel strangely unstable.
You feel very sick. The hornet stings you!
You die...

... ##<...#..##.# ..#
#.#........##.# #..
#.#.#.........# #..
#.#....(...#..# #..
#.########.#... #..## #.#
#.#... #####...####.#
#.#### ........y.##.#
#..... ........#@...#####
#.####
........####.....####'####
........# #.###.##.......
.....<..# #...#.##.......
........######...##.......
........##.......##.......
##########...#...####.####
+...#...####.#
#...###...##.####


You could see a hornet.

Vanquished Creatures
  An ice beast (D:7)
  A black bear (D:6)
  A bullfrog (D:4)
  3 necrophages
  3 scorpions (D:4)
  A wight (D:4)
  An orc priest (D:5)
  5 iguanas
  8 gnolls
  5 adders
  A shadow imp (D:7)
  A worm (D:4)
  A dart slug (D:2)
  6 orcs
  7 endoplasms
  A giant cockroach (D:4)
  7 goblins
  6 hobgoblins
  20 kobolds
  6 quokkas
  9 ball pythons
  3 bats
  7 frilled lizards
  5 rats
109 creatures vanquished.

Vanquished Creatures (others)
  7 plants (D:1)
7 creatures vanquished.

Grand Total: 116 creatures vanquished

Notes
Turn   | Place    | Note
-------+----------+-------------------------------------------
     0 | D:1      | gelatine the Demonspawn Hunter began the quest for the Orb.
     0 | D:1      | Reached XP level 1. HP: 16/16 MP: 1/1
   143 | D:1      | Reached skill level 4 in Ranged Weapons
   143 | D:1      | Gained mutation: You have a pair of small antennae on your
                  | head. [demonic ancestry]
   143 | D:1      | Reached XP level 2. HP: 22/22 MP: 2/2
   761 | D:1      | Gained mutation: You are partially covered in sharp spines.
                  | [demonic ancestry]
   761 | D:1      | Reached XP level 3. HP: 27/27 MP: 3/3
  1179 | D:2      | Reached skill level 1 in Armour
  1301 | D:2      | Found a faded altar of an unknown god.
  1655 | D:3      | Gained mutation: Your demonic aura sometimes causes spilled
                  | blood to erupt in flames. [demonic ancestry]
  1655 | D:3      | Reached XP level 4. HP: 33/33 MP: 4/4
  1659 | D:3      | Reached skill level 5 in Ranged Weapons
  2235 | D:4      | Noticed a scorpion
  2246 | D:4      | Killed a scorpion
  2247 | D:4      | Gained mutation: You have an unusually large brain. (Int
                  | +2) [demonic ancestry]
  2247 | D:4      | Reached XP level 5. HP: 39/39 MP: 5/5
  2319 | D:4      | Reached skill level 6 in Ranged Weapons
  2440 | D:4      | Found a sacrificial altar of Ru.
  2447 | D:4      | Found a transporter.
  2448 | D:4      | Found a burning altar of Makhleb.
  2449 | D:4      | Found a shadowy altar of Dithmenos.
  2464 | D:4      | Found a transporter.
  2619 | D:4      | Reached XP level 6. HP: 46/46 MP: 6/6
  2692 | D:4      | Reached skill level 1 in Stealth
  2859 | D:4      | Became a worshipper of Makhleb the Destroyer
  2869 | D:5      | Entered Level 5 of the Dungeon
  2869 | D:5      | Found a staircase to the Ecumenical Temple.
  2891 | Temple   | Entered the Ecumenical Temple
  3216 | D:5      | Gained mutation: Your demonic aura often causes spilled
                  | blood to erupt in flames. [demonic ancestry]
  3216 | D:5      | Reached XP level 7. HP: 52/52 MP: 7/7
  3257 | D:5      | Learned a level 3 spell: Portal Projectile
  3583 | D:5      | Reached skill level 7 in Ranged Weapons
  3583 | D:5      | Reached skill level 1 in Hexes
  3583 | D:5      | Reached skill level 1 in Invocations
  3742 | D:6      | Found a stormy altar of Qazlal.
  3777 | D:6      | Found a hide-covered altar of Uskayaw.
  3838 | D:6      | Reached skill level 1 in Evocations
  4189 | D:6      | Reached skill level 1 in Translocations
  4290 | D:7      | Reached skill level 1 in Spellcasting
  4290 | D:7      | Reached XP level 8. HP: 60/60 MP: 9/9
  4417 | D:7      | Noticed a hornet
  4430 | D:7      | Slain by a hornet

Illustrated notes

Levels and vault maps discovered:
D:1:      giann_bridges, layout_basic, minmay_tree_intersection,
          lexackson_kobold_supper
D:2:      layout_loops_cross, nicolae_ecumenical_oubliette,
          kennysheep_pointless_box, kennysheep_flooded_box
D:3:      layout_loops_cross
D:4:      layout_loops_ring, gammafunk_temple_overflow_arena
D:5:      layout_basic, minmay_temple_entry_proselytizer
D:6:      layout_cave_pools, good_gods_temple_1, mainiacjoe_overflow_two_lobes
D:7:      layout_basic
Temple:   grunt_temple_mini_profane

Skill      XL: |  1  2  3  4  5  6  7  8 |
---------------+-------------------------+-----
Ranged Weapons | 4 5 6 7 |  7.3
Armour         | 1 2 |  2.1
Dodging        | 2 |  2.1
Stealth        | 1 |  1.0
Fighting       | 3 4 |  4.1
Hexes          | 1 |  1.6
Invocations    | 1 2 |  2.3
Evocations     | 1 |  1.5
Translocations | 1 |  1.1
Spellcasting   | 1 |  1.1

Action                   |  1- 3 |  4- 6 |  7- 9 || total
-------------------------+-------+-------+-------++-------
 Fire: Shortbow          |   109 |   101 |    86 ||   296
  Use: Scroll            |     5 |     1 |     2 ||     8
       Potion            |       |       |     3 ||     3
Armor: Leather armour    |     6 |     8 |     3 ||    17
Dodge: Dodged            |    21 |    33 |    20 ||    74

Table legend: (Time is in decaauts)
 A = Elapsed time spent in this place.
 B = Non-inter-level travel time spent in this place.
 C = Inter-level travel time spent in this place.
 D = Time resting spent in this place.
 E = Time spent auto-exploring this place.
 F = Levels seen in this place.
 G = Mean time per level.
                   A        B        C        D        E       F      G
               +--------+--------+--------+--------+--------+-----+--------+
         Total |   4509 |   4198 |    311 |      0 |   3424 |   8 |  563.6 |
       Dungeon |   4292 |   4023 |    269 |      0 |   3256 |   7 |  613.1 |
        Temple |    216 |    174 |     42 |      0 |    168 |   1 |  216.0 |
               +--------+--------+--------+--------+--------+-----+--------+

Top non-repeatable levels by time:
     D:1: 1025 daAuts
     D:3: 729 daAuts
     D:5: 649 daAuts
     D:4: 648 daAuts
     D:6: 559 daAuts
     D:2: 523 daAuts
  Temple: 216 daAuts
     D:7: 157 daAuts
